 Dungeon Crawl Stone Soup version 0.32-a0-938-g40ac7a0 (webtiles) character file.

Game seed: 2498561435218859873

61965 Kave the Brawler (level 14, 0/168 HPs)
             Began as a Troll Shapeshifter on Apr 21, 2024.
             Was a High Priest of Sif Muna.
             Slain by a four-headed hydra (illusionary) (1 damage)
             ... while petrified by a basilisk
             ... on level 15 of the Dungeon.
             The game lasted 00:41:47 (14838 turns).

Kave the Brawler (Troll Shapeshifter)              Turns: 14838, Time: 00:41:48

Health: 0/168      AC: 11    Str: 33    XL:     14   Next: 62%
Magic:  13/13      EV:  1    Int:  5    God:    Sif Muna [*****.]
Gold:   718        SH:  0    Dex: 13    Spells: 13/13 levels left

rFire   + +          .
                       - Unarmed
rCold   . . .        (shield currently unavailable)
rNeg    + + +        S - melded +2 robe of Narrow Knowledge {Harm rPois rC+ rN+}
rPois   ∞            (helmet currently unavailable)
rElec   .            (cloak currently unavailable)
rCorr   .            (gloves unavailable)
SInv    .            (boots unavailable)
Will    +....        z - amulet of reflection
Stlth   +            v - ring of protection from fire
HPRegen 1.28/turn    E - ring of protection from fire
MPRegen 0.13/turn

%: reflection, clarity
@: snake-form, petrified
A: constrict, boosted hp, large, unfitting armour, (claws 3), regeneration 1,
(shaggy fur 1), (tough skin 1), agile 1, clarity, (fire resistance 1)
a: Begin Untransformation, Renounce Religion, Channel Magic, Forget Spell,
Divine Exegesis


You were on level 15 of the Dungeon.
You worshipped Sif Muna.
Sif Muna was extremely pleased with you.
You were an enormous serpent.
You visited 3 branches of the dungeon, and saw 18 of its levels.
You visited the Abyss 1 time.

You collected 1166 gold pieces.
You spent 448 gold pieces at shops.

Inventory:

Missiles
 A - 23 large rocks (quivered)
Armour
 r - a scarf of repulsion
 H - an orb of energy
 S - the +2 robe of Narrow Knowledge (melded) {Harm rPois rC+ rN+}
   (You found it on level 11 of the Dungeon)

   rC+:       It protects you from cold.
   rPois:     It protects you from poison.
   rN+:       It protects you from negative energy.
   Harm:      It increases damage dealt and taken.
Magical Staves
 O - a staff of alchemy
Jewellery
 b - an amulet of guardian spirit
 u - a +4 ring of slaying
 v - a ring of protection from fire (left hand)
 x - a +5 ring of evasion
 z - an amulet of reflection (around neck)
 E - a ring of protection from fire (right hand)
 F - a ring of flight
 M - a +6 ring of dexterity
 X - a ring of see invisible
Talismans
 f - a maw talisman
 k - a serpent talisman (active)
 y - a talisman of death
Wands
 d - a wand of digging (6)
 l - a wand of light (5)
 C - a wand of flame (94)
 G - a wand of polymorph (15)
 J - a wand of iceblast (1)
 V - a wand of mindburst (10)
Scrolls
 a - 2 scrolls of immolation
 c - a scroll of fear
 e - a scroll of revelation
 j - 5 scrolls of teleportation
 m - 2 scrolls of noise
 n - a scroll of torment
 s - a scroll of poison
 w - 2 scrolls of vulnerability
 D - 2 scrolls of blinking
 I - a scroll of identify
 L - 5 scrolls of fog
 P - a scroll of enchant armour
 Q - a scroll of summoning
Potions
 g - 3 potions of mutation
 h - 4 potions of curing
 i - 6 potions of attraction
 o - 2 potions of magic
 p - a potion of berserk rage
 q - 4 potions of haste
 t - 5 potions of enlightenment
 B - 6 potions of heal wounds
 K - 2 potions of invisibility
 N - 2 potions of lignification
 R - a potion of ambrosia
 U - 2 potions of brilliance
 Z - 3 potions of might


   Skills:
 + Level 9.0 Fighting
 + Level 9.2 Dodging
 - Level 1.0 Shields
 * Level 15.5 Unarmed Combat
 * Level 14.3 Shapeshifting


You had 13 spell levels left.
You didn't know any spells.
Your spell library contained the following spells:

 Spells                   Type           Power      Damage    Failure   Level
 Kiss of Death            Conj/Necr      0%         2d5       47%         1
 Magic Dart               Conj           0%         1d3       47%         1
 Shock                    Conj/Air       0%         1d3       47%         1
 Blink                    Tloc           0%         N/A       63%         2
 Call Imp                 Summ           0%         N/A       63%         2
 Cigotuvi's Dreadful Rot  Necr/Alch/Air  0%         N/A       63%         2
 Ensorcelled Hibernation  Hex/Ice        0%         N/A       63%         2
 Passwall                 Erth           0%         N/A       85%         3
 Swiftness                Air            0%         N/A       85%         3
 Teleport Other           Tloc           0%         N/A       85%         3
 Anguish                  Hex/Necr       0%         N/A       99%         4
 Dispel Undead            Necr           0%         3d6       99%         4
 Martyr's Knell           Necr/Summ      0%         N/A       99%         4
 Vhi's Electric Charge    Tloc/Air       0%         N/A       99%         4
 Borgnjor's Vile Clutch   Necr/Erth      0%         N/A       100%        5
 Curse of Agony           Necr           0%         N/A       100%        5
 Conjure Ball Lightning   Conj/Air       0%         3x3d6     100%        6
 Dispersal                Tloc           0%         N/A       100%        6
 Gell's Gavotte           Tloc           0%         2d(11-16) 100%        6


Dungeon Overview and Level Annotations

Branches:
Dungeon (15/15)            Temple (1/1) D:5            Lair (2/5) D:11
 Shoals (0/4) Lair:2        Snake (0/4) Lair:2          Orc (0/2) D:10
 Vaults (0/5) D:13         Depths (0/4) D:15

Altars:
Ashenzari
Cheibriados
Dithmenos
Elyvilon
Fedhas
Gozag
Hepliaklqana
Kikubaaqudgha
Makhleb
Nemelex Xobeh
Okawaru
Qazlal
Ru
Sif Muna
Trog
Uskayaw
Vehumet
Wu Jian
Xom
Yredelemnul
Zin
The Shining One

Shops:
D:2 :?(?!   D:4 :   D:12 !   D:13 *


Innate Abilities, Weirdness & Mutations

You are an enormous serpent.
You have a powerful constriction melee attack.
Your maximum health is increased.
Your armour is entirely melded.
You are incapable of wielding weapons or throwing items.
You are too large for most types of armour.
((You have claws for hands.))
Your natural rate of healing is unusually fast.
((You are covered in fur. (AC +1)))
((You have tough skin. (AC +1)))
You are agile. (Dex +4, Str/Int -1)
You possess an exceptional clarity of mind.
((Your flesh is heat resistant. (rF+)))


Message History

The four-headed hydra bites you. The four-headed hydra bites you! x3
* * * LOW HITPOINT WARNING * * *
The four-headed hydra bites you but does no damage.
The four-headed hydra bites you.
* * * LOW HITPOINT WARNING * * *
The four-headed hydra bites you.
* * * LOW HITPOINT WARNING * * *
The four-headed hydra bites you!
* * * LOW HITPOINT WARNING * * *
The four-headed hydra bites you!
* * * LOW HITPOINT WARNING * * *
The four-headed hydra bites you but does no damage.
The four-headed hydra bites you.
* * * LOW HITPOINT WARNING * * *
The four-headed hydra bites you!
* * * LOW HITPOINT WARNING * * *
The four-headed hydra bites you.
* * * LOW HITPOINT WARNING * * *
The four-headed hydra bites you.
* * * LOW HITPOINT WARNING * * *
The four-headed hydra bites you.
* * * LOW HITPOINT WARNING * * *
The four-headed hydra bites you but does no damage.
The four-headed hydra bites you.
* * * LOW HITPOINT WARNING * * *
The four-headed hydra bites you.
* * * LOW HITPOINT WARNING * * *
The four-headed hydra bites you.
* * * LOW HITPOINT WARNING * * *
The four-headed hydra bites you!
* * * LOW HITPOINT WARNING * * *
The four-headed hydra bites you!
* * * LOW HITPOINT WARNING * * *
The four-headed hydra bites you!
* * * LOW HITPOINT WARNING * * *
The four-headed hydra bites you!
* * * LOW HITPOINT WARNING * * *
The four-headed hydra bites you but does no damage.
The four-headed hydra bites you.
You die...

.#..)#######...#
...............#
..$............#
...#...........#
#........†..##
#...........#
#....R......#
..#.##DD######
..... #DS# .....
+)†### .. #.)..#
#....# #....#
#....# #....#
#....# #....#


You could see 3 four-headed hydras and a rakshasa.

Vanquished Creatures
  Rupert (D:13)
  A lich (Abyss:2)
  A tentacled starspawn (Abyss:2)
  4 starcursed masses (Abyss:2)
  A quicksilver dragon zombie (D:15)
  An entropy weaver (shapeshifter) (D:13)
  2 ogre magi
  A hydra (Lair:1)
  3 centaur warriors
  10 two-headed ogres
  2 death knights (D:15)
  4 boulder beetles
  An occultist (D:15)
  Nergalle (D:12)
  A deep elf knight (D:13)
  3 skeletal warriors
  2 flayed ghosts
  A phantasmal warrior (D:15)
  2 deep elf zephyrmancers (D:13)
  A harpy (Lair:2)
  A necromancer (D:15)
  8 cyclopes
  3 deep elf pyromancers
  A shadow dragon skeleton (Abyss:2)
  10 ugly things
  5 manticores
  A large abomination (Abyss:2)
  An elephant (Lair:1)
  An apocalypse crab (Abyss:2)
  A smoke demon (Abyss:2)
  2 cane toads
  2 kobold demonologists
  Jeremiah (D:8)
  2 yaktaurs (D:13)
  3 tengu conjurers (D:14)
  2 gargoyles
  5 komodo dragons
  A rime drake (Lair:1)
  2 efreet
  2 ancient zymes (Abyss:2)
  6 trolls
  A freezing wraith (D:15)
  A polar bear (Lair:1)
  A raiju (Abyss:2)
  A hornet (D:10)
  4 blink frogs (Lair:1)
  10 slime creatures
  2 shadows
  Sigmund (D:4)
  A spriggan skeleton (D:15)
  3 water elementals (D:13)
  2 spriggans (shapeshifter)
  A vampire (D:10)
  20 yaks
  7 wraiths
  2 basilisks
  A chaos spawn (Abyss:2)
  9 vampire mosquitoes
  3 nagas (Lair:2)
  6 water moccasins
  An acid dragon (D:13)
  Duvessa (D:4)
  6 orc warriors
  6 black bears
  3 ice beasts
  2 sky beasts
  3 laughing skulls
  5 ogres
  A tengu (shapeshifter) (D:14)
  3 wolves (Lair:1)
  11 centaurs
  A phantom (D:5)
  6 kobold brigands
  8 bullfrogs
  A gnoll sergeant (D:9)
  4 scorpions
  3 small abominations (Abyss:2)
  Dowan (D:4)
  3 killer bees (D:9)
  7 electric eels
  3 howler monkeys
  3 bombardier beetles
  3 hounds
  3 jellies
  5 orc priests
  An iron imp (Abyss:2)
  4 sleepcaps
  A gnoll bouda (D:7)
  Jessica (D:2)
  14 orc wizards
  7 iguanas
  9 gnolls
  6 adders
  4 white imps
  2 ufetubi (Abyss:2)
  3 ribbon worms
  A dart slug (D:2)
  33 orcs
  6 bats
  9 endoplasms
  3 giant cockroaches (D:2)
  4 goblins
  3 hobgoblins
  4 jackals (D:2)
  20 kobolds
  3 ball pythons
  A frilled lizard (D:1)
  6 rats
417 creatures vanquished.

Vanquished Creatures (others)
  A yak (D:9)
  2 starspawn tentacles (Abyss:2)
3 creatures vanquished.

Grand Total: 420 creatures vanquished

Notes
Turn   | Place    | Note
-------+----------+-------------------------------------------
     0 | D:1      | Kave the Troll Shapeshifter began the quest for the Orb.
     0 | D:1      | Reached XP level 1. HP: 18/18 MP: 0/0
   609 | D:1      | Reached XP level 2. HP: 26/26 MP: 1/1
   993 | D:2      | Reached skill level 1 in Fighting
  1018 | D:2      | Reached XP level 3. HP: 22/33 MP: 2/2
  1051 | D:2      | Noticed Jessica
  1056 | D:2      | Killed Jessica
  1066 | D:2      | Found Edghonk's Magic Scroll Emporium.
  1185 | D:2      | Found Duwicor's Distillery.
  1193 | D:2      | Bought a potion of lignification for 42 gold pieces
  1251 | D:2      | Found Madel's Weapon Shoppe.
  1302 | D:2      | Found Sonimn's Magic Scroll Shop.
  1381 | D:2      | Reached XP level 4. HP: 41/41 MP: 3/3
  1548 | D:2      | Found Ryikhliweu's Book Boutique.
  1859 | D:3      | Found an iron altar of Okawaru.
  2288 | D:4      | Found Sessyvy's Self-Improvement Boutique.
  2319 | D:4      | Reached skill level 1 in Shields
  2334 | D:4      | Noticed Sigmund
  2338 | D:4      | Reached skill level 4 in Unarmed Combat
  2344 | D:4      | Reached XP level 5. HP: 36/49 MP: 4/4
  2360 | D:4      | Killed Sigmund
  2361 | D:4      | Reached XP level 6. HP: 33/57 MP: 5/5
  2390 | D:4      | Noticed Dowan
  2393 | D:4      | Noticed Duvessa
  2397 | D:4      | Killed Dowan
  2428 | D:4      | Killed Duvessa
  2429 | D:4      | Reached skill level 5 in Unarmed Combat
  2485 | D:4      | Found a sparkling altar of Nemelex Xobeh.
  2561 | D:4      | Reached XP level 7. HP: 64/66 MP: 6/6
  2711 | D:4      | Found a faded altar of an unknown god.
  2711 | D:4      | Found a stormy altar of Qazlal.
  2723 | D:4      | Found a shimmering altar of Xom.
  2725 | D:4      | Found an ornate altar of the Wu Jian Council.
  2726 | D:4      | Found a faded altar of an unknown god.
  2764 | D:4      | Reached skill level 5 in Shapeshifting
  3173 | D:5      | Entered Level 5 of the Dungeon
  3173 | D:5      | Found a staircase to the Ecumenical Temple.
  3185 | D:5      | Reached skill level 6 in Unarmed Combat
  3198 | Temple   | Entered the Ecumenical Temple
  3249 | Temple   | Became a worshipper of Sif Muna the Loreminder
  3305 | D:5      | Reached XP level 8. HP: 71/75 MP: 7/7
  3771 | D:6      | Reached skill level 7 in Unarmed Combat
  3908 | D:6      | Reached * piety under Sif Muna
  3986 | D:6      | Reached XP level 9. HP: 26/84 MP: 8/8
  4430 | D:7      | Reached skill level 8 in Unarmed Combat
  4441 | D:7      | Found a radiant altar of Vehumet.
  4659 | D:7      | Found an opulent altar of Gozag.
  5052 | D:8      | Reached skill level 5 in Dodging
  5180 | D:8      | Noticed Jeremiah
  5201 | D:8      | Killed Jeremiah
  5202 | D:8      | Reached skill level 9 in Unarmed Combat
  5202 | D:8      | Reached XP level 10. HP: 54/94 MP: 9/9
  5372 | D:8      | Found a sacrificial altar of Ru.
  5840 | D:9      | Noticed a two-headed ogre
  5849 | D:8      | Killed a two-headed ogre
  5850 | D:8      | Reached skill level 5 in Fighting
  5949 | D:9      | Reached ** piety under Sif Muna
  6114 | D:9      | Found an ancient bone altar of Kikubaaqudgha.
  6184 | D:9      | Reached skill level 10 in Unarmed Combat
  6406 | D:9      | Found a blossoming altar of Fedhas.
  6642 | D:10     | Entered Level 10 of the Dungeon
  6695 | D:10     | Found a bloodstained altar of Trog.
  6826 | D:10     | Reached XP level 11. HP: 105/105 MP: 10/10
  6870 | D:10     | Found a white marble altar of Elyvilon.
  6952 | D:10     | Noticed a two-headed ogre
  6956 | D:10     | Killed a two-headed ogre
  7008 | D:10     | Reached *** piety under Sif Muna
  7031 | D:10     | Reached skill level 10 in Shapeshifting
  7037 | D:10     | Found a staircase to the Orcish Mines.
  7404 | D:10     | Reached skill level 11 in Unarmed Combat
  7443 | D:11     | Identified the +2 robe of Narrow Knowledge {Harm rPois rC+
                  | rN+}
  7908 | D:11     | Noticed a deep elf pyromancer
  7913 | D:11     | Killed a deep elf pyromancer
  8123 | D:11     | Noticed a two-headed ogre
  8137 | D:11     | Killed a two-headed ogre
  8151 | D:11     | Reached **** piety under Sif Muna
  8217 | D:11     | Found a staircase to the Lair.
  8503 | D:12     | Noticed Nergalle
  8534 | D:12     | Killed Nergalle
  8535 | D:12     | Reached XP level 12. HP: 63/103 MP: 11/11
  8542 | D:12     | Reached skill level 12 in Unarmed Combat
  8791 | D:12     | Noticed Sonja
  8794 | D:12     | Sonja changed into Sonja the ogre
  8794 | D:12     | Noticed Sonja
  8800 | D:12     | Killed Sonja the ogre
  8827 | D:12     | Found Ucohaah's Distillery.
  8836 | D:12     | Bought a potion of attraction for 42 gold pieces
  8836 | D:12     | Bought a potion of might for 56 gold pieces
  8836 | D:12     | Bought a potion of might for 56 gold pieces
  8836 | D:12     | Bought a potion of lignification for 42 gold pieces
  8836 | D:12     | Bought a potion of haste for 140 gold pieces
  8836 | D:12     | Bought a potion of heal wounds for 70 gold pieces
  8840 | D:12     | Noticed a boulder beetle
  8850 | D:12     | Killed a boulder beetle
  8868 | D:12     | Noticed a two-headed ogre
  8876 | D:12     | Killed a two-headed ogre
  9149 | D:13     | a hornet changed into an entropy weaver
  9149 | D:13     | Noticed an entropy weaver (shapeshifter)
  9167 | D:13     | Killed an entropy weaver
  9511 | D:13     | Found a transporter.
  9511 | D:13     | Found Metekyxi's Assorted Antiques.
  9593 | D:13     | Noticed a two-headed ogre
  9593 | D:13     | Noticed a two-headed ogre
  9609 | D:13     | Killed a two-headed ogre
  9610 | D:13     | Reached skill level 13 in Unarmed Combat
  9758 | D:13     | Noticed a centaur warrior
  9764 | D:13     | Noticed an ogre mage
  9871 | D:12     | Killed a two-headed ogre
  9889 | D:13     | Killed a centaur warrior
  9891 | D:13     | Killed an ogre mage
  9892 | D:13     | Reached XP level 13. HP: 124/124 MP: 12/12
  9981 | D:13     | Noticed Rupert
 10000 | D:13     | Killed Rupert
 10128 | Lair:1   | Entered Level 1 of the Lair of Beasts
 10878 | Lair:2   | Found a staircase to the Snake Pit.
 10889 | Lair:2   | Reached ***** piety under Sif Muna
 11167 | Lair:2   | Found a staircase to the Shoals.
 11357 | Lair:2   | Gained mutation: You are agile. (Dex +4, Str/Int -1)
                  | [potion of mutation]
 11357 | Lair:2   | Gained mutation: Your flesh is heat resistant. (rF+)
                  | [potion of mutation]
 11357 | Lair:2   | Gained mutation: You possess an exceptional clarity of
                  | mind. [potion of mutation]
 11538 | Lair:1   | Reached skill level 14 in Unarmed Combat
 11879 | D:13     | Found a gate to the Vaults.
 12279 | D:13     | Received a gift from Sif Muna
 12343 | D:13     | Got Sif Muna's Incunable of the Grave and Thunder {god
                  | gift}
 12350 | D:13     | Found a transporter.
 12734 | D:14     | Found a hazy altar of Hepliaklqana.
 12745 | D:14     | Identified the +3 spear of Hell's Wrath {holy, rC++ rN+
                  | rCorr Dex+3}
 13368 | D:15     | Entered Level 15 of the Dungeon
 13625 | D:15     | Reached XP level 14. HP: 137/137 MP: 13/13
 13651 | Abyss:2  | Found a corrupted altar of Lugonu.
 13651 | Abyss:2  | Cast into level 2 of the Abyss (an occultist)
 13735 | Abyss:2  | Noticed a tentacled starspawn
 13740 | Abyss:2  | Killed a tentacled starspawn
 14043 | Abyss:2  | Noticed a lich
 14058 | Abyss:2  | Killed a lich
 14059 | Abyss:2  | Reached skill level 15 in Unarmed Combat
 14073 | D:15     | Escaped the Abyss
 14099 | D:15     | Found a staircase to the Depths.
 14838 | D:15     | HP: 4/168 [four-headed hydra (illusionary) (6)]
 14838 | D:15     | HP: 1/168 [four-headed hydra (illusionary) (3)]
 14838 | D:15     | Slain by a four-headed hydra (illusionary)

Illustrated notes

Levels and vault maps discovered:
D:1:      kennysheep_arrival_seaside, layout_basic
D:2:      layout_loops_cross, serial_shops, shop, shop, nicolae_shop_peninsula,
          nicolae_shop_peninsula, shop, uniq_jessica
D:3:      layout_rooms, mainiacjoe_overflow_small_starburst,
          kennysheep_generic_room_15
D:4:      minmay_clustersquares, layout_basic, nicolae_overflow_crystal_walls,
          chequers_temple_overflow_minitemple, small_statue_intersection,
          nicolae_shop_self_help, uniq_sigmund, uniq_duvessa
D:5:      layout_layer_cave, minmay_temple_entry_sparse_star
D:6:      layout_rooms, st_stairs_3
D:7:      layout_cave_pods, mainiacjoe_overflow_24_doors, vehumet_altar_wand_db
D:8:      layout_basic, mainiacjoe_overflow_paths, uniq_jeremiah
D:9:      layout_rooms, mainiacjoe_overflow_brackets, old_standard_altar
D:10:     layout_loops_ring, trog_butcher_becter, nicolae_elyvilon_temple_path,
          david_orc_2
D:11:     layout_irregular_city, due_lair_maze_entry_diamond, wad_mini_maze
D:12:     layout_rooms, serial_shops, nicolae_shop_waterfront, uniq_nergalle,
          uniq_sonja
D:13:     layout_basic, hangedman_vaults_entry_quadrant_bands, serial_shops,
          nicolae_shop_drivethru, uniq_rupert
D:14:     hellmonk_destroyed_diamonds, layout_loops_cross,
          nicolae_hepliaklqana_hazy_memory
D:15:     gammafunk_depths_entry_grave, layout_irregular_city,
          minmay_crystal_water, minmay_fractal_squares_diagonal_5
Temple:   jpeg_temple_alley_garden
Lair:1:   layout_chaotic_city, grunt_forest_large_clearings
Lair:2:   layout_regular_city, nicolae_shoals_entry_roost,
          nicolae_snake_entry_squirm, chequers_serial_rivers_large_b

Skill      XL: |  1  2  3  4  5  6  7  8  9 10 11 12 13 14 |
---------------+-------------------------------------------+-----
Fighting       | 1 2 3 4 5 6 7 8 9 |  9.0
Dodging        | 2 3 4 5 6 7 8 9 |  9.2
Shields        | 1 |  1.0
Unarmed Combat | 4 5 6 7 9 10 11 13 14 15 | 15.5
Shapeshifting  | 4 5 6 8 9 11 12 13 14 | 14.3

Action                     |  1- 3 |  4- 6 |  7- 9 | 10-12 | 13-15 || total
---------------------------+-------+-------+-------+-------+-------++-------
  Melee: Unarmed           |    70 |    93 |   259 |   445 |   435 ||  1302
         Punch             |       |     4 |    11 |     6 |     4 ||    25
         Constrict         |       |       |       |    64 |    66 ||   130
  Evoke: Wand              |       |       |       |     1 |       ||     1
    Use: Potion            |       |     1 |     2 |     2 |     5 ||    10
         Scroll            |       |       |       |     3 |    19 ||    22
 Armour: Animal skin       |    68 |    47 |   157 |       |       ||   272
         Skin              |       |    14 |    11 |   282 |   314 ||   621
         Robe              |       |       |       |   105 |       ||   105
  Dodge: Dodged            |    46 |    29 |    87 |   197 |   166 ||   525
  Block: Other             |       |       |    33 |    85 |    59 ||   177
         Reflection        |       |       |     1 |    15 |     3 ||    19
   Form: Serpent           |       |       |       |     1 |     1 ||     2
                           |       |       |       |       |     1 ||     1

Table legend: (Time is in decaauts)
 A = Elapsed time spent in this place.
 B = Non-inter-level travel time spent in this place.
 C = Inter-level travel time spent in this place.
 D = Time resting spent in this place.
 E = Time spent auto-exploring this place.
 F = Levels seen in this place.
 G = Mean time per level.
                   A        B        C        D        E       F      G
               +--------+--------+--------+--------+--------+-----+--------+
         Total |  14588 |  13740 |    848 |   1172 |   9566 |  19 |  767.8 |
       Dungeon |  12421 |  11752 |    669 |   1056 |   8183 |  15 |  828.1 |
        Temple |     92 |     11 |     81 |      0 |      9 |   1 |   92.0 |
          Lair |   1671 |   1573 |     98 |      0 |   1301 |   2 |  835.5 |
         Abyss |    402 |    402 |      0 |    116 |     73 |   1 |  402.0 |
               +--------+--------+--------+--------+--------+-----+--------+

Top non-repeatable levels by time:
    D:13: 1502 daAuts
    D:11: 1102 daAuts
    D:14: 1017 daAuts
     D:1: 988 daAuts
  Lair:2: 970 daAuts
     D:4: 872 daAuts
     D:8: 866 daAuts
    D:15: 824 daAuts
    D:10: 776 daAuts
     D:7: 764 daAuts
     D:9: 751 daAuts
     D:2: 727 daAuts
    D:12: 702 daAuts
  Lair:1: 701 daAuts
     D:3: 565 daAuts
